 Dungeon Crawl Stone Soup version 0.22-b1-21-g5cfc1688f2 (webtiles) character file.

2730 Jupotter the Covered (level 9, -1/79 HPs)
             Began as a Minotaur Fighter on Aug 6, 2018.
             Was an Elder of Okawaru.
             Splashed by a jelly's acid (5 damage)
             ... on level 7 of the Dungeon.
             The game lasted 00:17:21 (6835 turns).

Jupotter the Covered (Minotaur Fighter)             Turns: 6835, Time: 00:17:22

Health: -1/79      AC:  5    Str: 24    XL:     9   Next: 40%
Magic:  10/10      EV:  7    Int:  8    God:    Okawaru [****..]
Gold:   199        SH: 11    Dex:  9    Spells: 8/8 levels left

rFire    . . .     SeeInvis .   h - +2 mace (holy)
rCold    . . .     Gourm    .   c - +0 shield
rNeg     + . .     Faith    .   a - +0 plate armour
rPois    .         Spirit   .   (helmet restricted)
rElec    .         Reflect  .   (no cloak)
rCorr    .         Harm     .   (no gloves)
MR       .....                  (no boots)
Stlth    ..........             q - amulet of rage {+Rage, !d}
HPRegen  0.23/turn              m - ring of positive energy {rN+}
MPRegen  0.12/turn              F - +2 ring of strength

@: corroded
A: retaliatory headbutt, horns 2
a: Heroism, Renounce Religion, Evoke Berserk Rage


You were on level 7 of the Dungeon.
You worshipped Okawaru.
Okawaru was greatly pleased with you.
You were hungry.

You visited 1 branch of the dungeon, and saw 7 of its levels.

You collected 304 gold pieces.
You spent 105 gold pieces at shops.

Inventory:

Hand Weapons
 h - a +2 mace of holy wrath (weapon)
Missiles
 b - 2 throwing nets {=f, !d}
 g - 4 tomahawks of returning (quivered)
Armour
 a - a +0 plate armour (worn)
 c - a +0 shield (worn)
Jewellery
 m - a ring of positive energy (left hand) {rN+}
 q - an amulet of rage (around neck) {+Rage, !d}
 w - an uncursed ring of protection from magic {MR+, !d}
 F - a +2 ring of strength (right hand)
Wands
 v - a wand of iceblast (14)
Scrolls
 i - a scroll of identify
 j - 3 scrolls of enchant armour
 k - 2 scrolls of teleportation {unknown}
 l - a scroll of magic mapping {unknown}
 o - a scroll of amnesia
 u - a scroll of immolation {unknown}
 y - 4 scrolls of fear {unknown}
 B - a scroll of blinking {!r}
 C - 2 scrolls of remove curse
 D - a scroll of fog {unknown}
 E - a scroll of vulnerability {unknown}
Potions
 d - a potion of might
 e - 2 potions of ambrosia {unknown}
 n - 3 potions of lignification {!q}
 p - a potion of resistance {unknown}
 r - 3 potions of heal wounds {unknown}
 s - 2 potions of flight
 t - a potion of brilliance {unknown}
 x - 3 potions of agility
 z - 2 potions of invisibility {unknown}
 A - a potion of berserk rage {unknown}
Comestibles
 f - 17 rations


   Skills:
 * Level 7.4 Fighting
 * Level 7.1 Maces & Flails
 + Level 3.6 Throwing
 * Level 7.7 Armour
 + Level 3.8 Dodging
 * Level 7.4 Shields
 + Level 3.6 Invocations


You had 8 spell levels left.
You didn't know any spells.
Your spell library was empty.

Dungeon Overview and Level Annotations

Branches:
Dungeon (7/15)             Temple (0/1) D:5

Altars:
Cheibriados
Dithmenos
Hepliaklqana
Kikubaaqudgha
Okawaru
Trog
Uskayaw
Xom
The Shining One

Shops:
D:7 =

Annotations:
D:3 2 transporters, Acraf's ghost, amateur DrVM
D:6 Prince Ribbit


Innate Abilities, Weirdness & Mutations

You reflexively headbutt those who attack you in melee.
You have a pair of horns on your head.


Message History

The jelly is moderately wounded.
The jelly closely misses you. The jelly barely misses you.
You hit the jelly.
Your hands burn!
* * * LOW HITPOINT WARNING * * *
The jelly is heavily wounded.
The jelly hits you.
* * * LOW HITPOINT WARNING * * *
You are splashed with acid!
The acid burns!
* * * LOW HITPOINT WARNING * * *
You hit the jelly.
Your hands burn!
* * * LOW HITPOINT WARNING * * *
You headbutt the jelly.
The jelly is heavily wounded.
You block the jelly's attack.
You hit the jelly. The acid corrodes you!
Your hands burn!
* * * LOW HITPOINT WARNING * * *
The jelly is severely wounded.
The jelly hits you but does no damage.
You hit the jelly but do no damage. The acid corrodes you!
Your hands burn!
You die...

#⌠.<.⌠#####....############
##...## #....##..........
##### #....#≈≈≈≈≈≈≈≈≈≈≈
##.###....#≈≈≈;≈≈≈≈≈≈≈
#.........##.$..=.....
##.####...####)####### #
#...###.## ..# ## #...##J##
#.## ####. # #...#@#####
##.###...#
#.####...#.#...###.#.#.###.
#.#..#...##.###...###.## ##
#.#..)†..##################
#.####....#....#.#....#....
#.####.#...#..#.(.#..#.....
#..).))#...................
#......#...................
#......#......#............


You could see a jelly.

Vanquished Creatures
  Pikel (D:6)
  Menkaure (D:6)
  A sky beast (D:6)
  3 ice beasts
  2 phantoms
  4 ogres
  3 bullfrogs
  3 scorpions
  2 howler monkeys
  2 crimson imps
  A bullfrog zombie (D:5)
  A centaur zombie (D:5)
  2 jellies
  2 orc wizards
  4 bullfrog skeletons
  An orc priest (D:5)
  A hound (D:5)
  3 iguanas
  6 worker ants
  9 adders
  3 oozes (D:2)
  An adder zombie (D:6)
  3 adder skeletons
  2 worms
  A dart slug (D:1)
  11 leopard geckos
  12 orcs
  7 bats
  2 giant cockroaches
  12 goblins
  14 hobgoblins
  11 jackals
  2 quokkas
  A ball python (D:1)
  A ball python zombie (D:5)
  11 frilled lizards
  8 kobolds
  A leopard gecko skeleton (D:4)
  7 rats
  A bush (D:3)
163 creatures vanquished.

Vanquished Creatures (others)
  A slave (D:6)
  A plant (D:5)
2 creatures vanquished.

Grand Total: 165 creatures vanquished

Notes
Turn   | Place    | Note
-------+----------+-------------------------------------------
     0 | D:1      | Jupotter the Minotaur Fighter began the quest for the Orb.
     0 | D:1      | Reached XP level 1. HP: 19/19 MP: 0/0
    10 | D:1      | Found an iron altar of Okawaru.
    34 | D:1      | Became a worshipper of Warmaster Okawaru
   167 | D:1      | Reached XP level 2. HP: 23/27 MP: 1/1
   373 | D:1      | Reached XP level 3. HP: 33/33 MP: 2/2
   797 | D:2      | Reached XP level 4. HP: 40/40 MP: 3/3
   803 | D:2      | Reached skill level 1 in Invocations
   937 | D:2      | Found an ancient bone altar of Kikubaaqudgha.
  1056 | D:2      | Reached skill level 1 in Dodging
  1204 | D:2      | Reached skill level 1 in Throwing
  1485 | D:2      | Found a hazy altar of Hepliaklqana.
  1485 | D:2      | Found a shimmering altar of Xom.
  1486 | D:2      | Found a hide-covered altar of Uskayaw.
  1699 | D:3      | Found a transporter.
  1701 | D:3      | Noticed Acraf's ghost (amateur DrVM)
  1703 | D:3      | Found a transporter.
  1703 | D:3      | Noticed an ogre
  1716 | D:3      | Found a snail-covered altar of Cheibriados.
  1726 | D:3      | Reached XP level 5. HP: 39/46 MP: 4/4
  2146 | D:3      | Reached * piety under Okawaru
  2625 | D:4      | Reached skill level 5 in Armour
  2625 | D:4      | Reached XP level 6. HP: 46/53 MP: 6/6
  3000 | D:4      | Reached skill level 5 in Shields
  3405 | D:4      | Found a shadowy altar of Dithmenos.
  3425 | D:4      | Reached skill level 5 in Fighting
  3425 | D:4      | Reached XP level 7. HP: 55/61 MP: 7/7
  3547 | D:5      | Entered Level 5 of the Dungeon
  3853 | D:5      | Reached ** piety under Okawaru
  3853 | D:5      | Reached skill level 5 in Maces & Flails
  4040 | D:5      | Reached XP level 8. HP: 45/70 MP: 8/8
  4395 | D:5      | Found a bloodstained altar of Trog.
  4422 | D:5      | Found a staircase to the Ecumenical Temple.
  4497 | D:5      | Found a glowing golden altar of the Shining One.
  4883 | D:6      | Noticed Pikel
  4898 | D:6      | Killed Pikel
  4898 | D:6      | Reached *** piety under Okawaru
  5143 | D:6      | Reached XP level 9. HP: 78/78 MP: 10/10
  5191 | D:6      | Noticed Prince Ribbit
  5920 | D:6      | Noticed Menkaure
  5927 | D:6      | Killed Menkaure
  6567 | D:7      | Found Ciycar's Jewellery Shop.
  6571 | D:7      | Bought a +2 ring of strength for 105 gold pieces
  6772 | D:7      | Reached **** piety under Okawaru
  6835 | D:7      | Splashed by a jelly's acid

Skill      XL: |  1  2  3  4  5  6  7  8  9 |
---------------+----------------------------+-----
Armour         | 4 5 6 7 |  7.7
Maces & Flails | 3 4 5 6 7 |  7.1
Shields        | 4 5 6 7 |  7.4
Invocations    | 1 2 3 |  3.6
Fighting       | 4 5 6 7 |  7.4
Dodging        | 1 2 3 |  3.8
Throwing       | 1 2 3 |  3.6

Action                   |  1- 3 |  4- 6 |  7- 9 || total
-------------------------+-------+-------+-------++-------
Melee: Mace              |   103 |   220 |   255 ||   578
       Flail             |     5 |       |       ||     5
       Headbutt          |    16 |    46 |    43 ||   105
  Use: Scroll            |       |     6 |     2 ||     8
       Potion            |       |       |     2 ||     2
  Eat: Chunk             |       |     5 |     4 ||     9
       Ration            |       |     1 |     2 ||     3
Armor: Scale mail        |    53 |    75 |    59 ||   187
       Plate armour      |       |       |    42 ||    42
       Skin              |       |       |     9 ||     9
Dodge: Dodged            |    35 |    51 |    74 ||   160
Block: Shield            |    61 |    84 |   124 ||   269
